 Dungeon Crawl Stone Soup version 0.31.0-2-g5a2aebc5c2 (webtiles) character file.

Game seed: 2675710699973881880

9016 BeingJoeMalik the Basher (level 11, -2/56 HPs)
             Began as a Vine Stalker Fighter on Jan 20, 2024.
             Was an Initiate of Gozag.
             Killed from afar by an electric eel (8 damage)
             ... with a bolt of electricity
             ... on level 11 of the Dungeon.
             The game lasted 00:35:07 (9340 turns).

BeingJoeMalik the Basher (Vine Stalker Fighter)     Turns: 9340, Time: 00:35:08

Health: -2/56      AC:  8    Str: 25    XL:     11   Next: 39%
Magic:  0/12       EV: 11    Int:  8    God:    Gozag
Gold:   1655       SH: 11    Dex: 18    Spells: 6/10 levels left

rFire   . . .        r - +4 flail (elec)
rCold   . . .        c - +0 buckler
rNeg    . . .        b - +0 scale mail
rPois   .            (no helmet)
rElec   .            a - +0 cloak
rCorr   .            (no gloves)
SInv    .            (no boots)
Will    ++...        m - amulet of reflection
Stlth   +            K - ring of willpower
HPRegen 1.09/turn    g - +6 ring of strength
MPRegen 0.13/turn

%: reflection, guardian spirit
@: no status effects
A: fangs 3, regeneration 1, magic shield, antimagic bite, no potion heal 2
a: Renounce Religion, Potion Petition, Call Merchant, Bribe Branch


You were on level 11 of the Dungeon.
You worshipped Gozag.
Gozag was most pleased with you.
You visited 1 branch of the dungeon, and saw 11 of its levels.
You also visited: Ossuary.

You collected 2565 gold pieces.
You spent 910 gold pieces at shops.

Inventory:

Hand Weapons
 r - a +4 flail of electrocution (weapon)
 s - a +1 whip of venom
 H - a +0 orcbow
Missiles
 y - 2 throwing nets (quivered)
 E - 43 poisoned darts
 F - a curare-tipped dart
Armour
 a - a +0 cloak (worn)
 b - a +0 scale mail (worn)
 c - a +0 buckler (worn)
 N - a +1 kite shield
Jewellery
 f - a +4 ring of protection
 g - a +6 ring of strength (right hand)
 m - an amulet of reflection (around neck)
 n - a ring of fire
 G - a ring of flight
 K - a ring of willpower (left hand)
 L - a ring of protection from cold
 M - a ring of resist corrosion
 O - a ring of protection from cold
Talismans
 I - a serpent talisman
Wands
 q - a wand of paralysis (4)
 B - a wand of light (5)
 C - a wand of flame (27)
 Q - a wand of polymorph (3)
Scrolls
 h - 2 scrolls of fog
 k - 3 scrolls of teleportation
 o - 2 scrolls of revelation
 t - a scroll of poison
 u - 3 scrolls of fear
 z - 2 scrolls of brand weapon
 D - 2 scrolls of amnesia
 R - a scroll of enchant armour
Potions
 d - 3 potions of might
 e - 3 potions of haste
 i - a potion of magic {unknown}
 j - 5 potions of curing
 l - 3 potions of resistance
 p - 2 potions of invisibility
 v - 2 potions of cancellation
 w - a potion of attraction
 x - 3 potions of lignification
 A - a potion of mutation
 J - a potion of brilliance {unknown}


   Skills:
 + Level 5.8 Fighting
 + Level 13.7 Maces & Flails
 - Level 3.2 Armour
 + Level 2.1 Dodging
 + Level 1.7 Stealth
 + Level 5.7 Shields


You had 6 spell levels left.
You knew the following spells:

 Your Spells              Type           Power      Damage    Failure   Level
a - Blink                 Tloc           0%         N/A       88%         2
b - Call Imp              Summ           0%         N/A       88%         2

Your spell library contained the following spells:

 Spells                   Type           Power      Damage    Failure   Level
 Apportation              Tloc           0%         N/A       77%         1
 Magic Dart               Conj           0%         1d3       77%         1
 Sting                    Conj/Alch      0%         1d3       77%         1
 Jinxbite                 Hex            0%         N/A       88%         2
 Lesser Beckoning         Tloc           0%         N/A       88%         2
 Mercury Vapours          Alch/Air       0%         N/A       88%         2
 Momentum Strike          Conj/Tloc      0%         3d8       88%         2
 Hailstorm                Conj/Ice       0%         3d5       98%         3
 Summon Ice Beast         Ice/Summ       0%         N/A       98%         3
 Leda's Liquefaction      Alch/Erth      0%         N/A       100%        4
 Olgreb's Toxic Radiance  Alch           0%         N/A       100%        4
 Vhi's Electric Charge    Tloc/Air       0%         N/A       100%        4
 Alistair's Intoxication  Alch           0%         N/A       100%        5
 Arcjolt                  Conj/Air       0%         1d10      100%        5
 Lee's Rapid Deconstruct  Erth           0%         3d4*      100%        5
 Bombard                  Conj/Erth      0%         9d1       100%        6
 Plasma Beam              Fire/Air       0%         2x1d10    100%        6
 Sculpt Simulacrum        Ice/Alch       0%         N/A       100%        6


Dungeon Overview and Level Annotations

Branches:
Dungeon (11/15)            Temple (0/1) D:7            Lair (0/5) D:8
Ossuary (visited)
    Orc: D:9-12

Altars:
Ashenzari
Dithmenos
Gozag
Hepliaklqana
Makhleb
Nemelex Xobeh
Ru
Wu Jian
Yredelemnul

Shops:
D:2 :   D:7 =


Innate Abilities, Weirdness & Mutations

You have razor-sharp teeth.
Your natural rate of healing is unusually fast.
When hurt, damage is shared between your health and your magic reserves.
Your bite disrupts and absorbs the magic of your enemies.
Potions cannot restore your health.


Message History

You thump the water elemental! You bite the water elemental.
You destroy the water elemental!
The water engulfing you falls away.
You gasp with relief as air once again reaches your lungs.
You start resting.
HP restored.
You start resting.
Magic restored.
An electric eel comes into view.
You see here 18 gold pieces.
You start waiting.
Done waiting.
You see here 18 gold pieces.
You enter the shallow water.
Moving in this stuff is going to be slow.
You see here 18 gold pieces.
You enter the shallow water.
Moving in this stuff is going to be slow.
You see here 18 gold pieces.
You see here 18 gold pieces.
A cyclops comes into view.
The cyclops shouts!
The cyclops throws a large rock.
You block the large rock with an invisible shield... and reflect it back!
The large rock hits the cyclops!!
The electric eel shoots out a bolt of lightning at you!
The bolt of electricity hits you! x2
The bolt of electricity hits the electric eel.
The electric eel completely resists.
You see here 18 gold pieces.
The electric eel shoots out a bolt of lightning at you!
The bolt of electricity misses you.
The electric eel shoots out a bolt of lightning at you!
The bolt of electricity hits you. The bolt of electricity hits you!
The cyclops throws a large rock.
The large rock hits you!!
* * * LOW HITPOINT WARNING * * *
The electric eel shoots out a bolt of lightning at you!
The bolt of electricity hits you!
You die...
Your body crumbles into a pile of gold.

.. #≈≈#≈≈≈~..#
#....### ..#
≈≈≈≈≈≈##.#
#....'.####
.~≈#≈≈≈#≈≈#.##
#....#.....
#≈≈≈≈≈≈≈≈#..##
#....#####.
#≈#≈≈#≈≈#...###....#
## # ≈≈≈≈≈
#..#...+....# #..
#≈≈###....###....#
#...C##S#.....##
##+###
#.......$..@.##
#####..#.#.###
##.#...# #.###.#
#.... .. ...# #...⌠
.. ..... #..oo #..
....#.# .o.o #..
....#.# ##8o8 .....#
..oo


You could see a cyclops and an electric eel.

Vanquished Creatures
  A two-headed ogre (D:10)
  A deep elf pyromancer (D:9)
  A gargoyle (D:11)
  Psyche (D:10)
  A troll (D:11)
  2 hornets (D:8)
  Sigmund (D:2)
  A water elemental (D:11)
  4 wyverns
  12 yaks
  A water moccasin (D:6)
  2 ice beasts
  An orc warrior (D:6)
  A sky beast (D:6)
  2 black bears
  An ogre (D:5)
  2 centaurs (D:7)
  A phantom (D:4)
  6 kobold brigands
  2 bullfrogs
  An elf zombie (Ossuary)
  3 gnoll sergeants
  5 scorpions
  9 wights
  4 killer bees (D:7)
  A centaur zombie (Ossuary)
  3 human zombies (Ossuary)
  3 orc priests
  3 bombardier beetles (D:5)
  5 hounds
  2 jellies
  2 gnoll boudas
  A sleepcap (D:6)
  Ijyb (D:5)
  6 iguanas
  8 orc wizards
  3 hound zombies (Ossuary)
  2 mummies (Ossuary)
  23 gnolls
  7 adders
  A white imp (D:5)
  2 ufetubi (D:7)
  9 adder zombies (Ossuary)
  3 dart slugs
  2 ribbon worms
  33 orcs
  6 endoplasms
  3 giant cockroaches
  3 hobgoblins
  3 quokkas
  6 ball pythons
  4 bats
  2 frilled lizards (D:1)
  2 gnoll zombies (Ossuary)
  12 goblins
  6 jackal zombies (Ossuary)
  28 kobolds
  4 kobold zombies (Ossuary)
  8 orc zombies (Ossuary)
  6 rats
279 creatures vanquished.

Notes
Turn   | Place    | Note
-------+----------+-------------------------------------------
     0 | D:1      | BeingJoeMalik the Vine Stalker Fighter began the quest for
                  | the Orb.
     0 | D:1      | Reached XP level 1. HP: 11/11 MP: 2/2
    94 | D:1      | Reached XP level 2. HP: 16/16 MP: 3/3
   333 | D:1      | Found a faded altar of an unknown god.
   383 | D:1      | Prayed at the altar of an unknown god.
   383 | D:1      | Became a worshipper of Gozag Ym Sagoz the Greedy
   588 | D:2      | Reached XP level 3. HP: 20/20 MP: 4/4
   599 | D:2      | Noticed Sigmund
   621 | D:2      | Killed Sigmund
   622 | D:2      | Reached skill level 2 in Maces & Flails
   622 | D:2      | Reached XP level 4. HP: 25/25 MP: 5/5
   622 | D:2      | Reached XP level 5. HP: 29/29 MP: 6/6
   657 | D:2      | Learned a level 2 spell: Blink
   703 | D:2      | Found Cumpuare's Book Shop.
   829 | D:2      | Reached skill level 3 in Maces & Flails
  1095 | D:3      | Found a sacrificial altar of Ru.
  1193 | D:3      | Found a broken altar of Ashenzari.
  1355 | D:3      | Reached XP level 6. HP: 33/33 MP: 7/7
  1565 | D:3      | Reached skill level 4 in Maces & Flails
  2235 | D:4      | Reached skill level 5 in Maces & Flails
  2235 | D:4      | Reached XP level 7. HP: 21/37 MP: 5/8
  2306 | D:4      | Found an ornate altar of the Wu Jian Council.
  3037 | D:5      | Entered Level 5 of the Dungeon
  3088 | D:5      | Reached skill level 6 in Maces & Flails
  3211 | D:5      | Found a sand-covered staircase.
  3216 | Ossuary  | Entered an ossuary
  3469 | Ossuary  | Gained mutation: You have razor-sharp teeth. [Vine Stalker
                  | growth]
  3469 | Ossuary  | Reached XP level 8. HP: 41/42 MP: 9/9
  3477 | Ossuary  | Reached skill level 7 in Maces & Flails
  3840 | D:5      | Noticed Ijyb
  3847 | D:5      | Killed Ijyb
  3854 | D:5      | Reached skill level 8 in Maces & Flails
  3970 | D:5      | Found a burning altar of Makhleb.
  3981 | D:5      | Reached skill level 9 in Maces & Flails
  4566 | D:6      | Reached XP level 9. HP: 42/45 MP: 10/10
  4793 | D:6      | Reached skill level 10 in Maces & Flails
  5199 | D:6      | Reached skill level 11 in Maces & Flails
  5216 | D:7      | Found Kugumunu's Jewellery Shoppe.
  5471 | D:7      | Found a staircase to the Ecumenical Temple.
  6235 | D:7      | Bought a ring of willpower for 325 gold pieces
  6235 | D:7      | Bought a ring of protection from cold for 325 gold pieces
  6235 | D:7      | Bought a ring of resist corrosion for 260 gold pieces
  6295 | D:8      | Reached XP level 10. HP: 49/49 MP: 11/11
  6341 | D:8      | Reached skill level 12 in Maces & Flails
  6462 | D:8      | Found a basalt altar of Yredelemnul.
  6550 | D:8      | Found a hazy altar of Hepliaklqana.
  6635 | D:8      | Reached skill level 1 in Dodging
  6799 | D:8      | Found a staircase to the Lair.
  7273 | D:9      | Found a shadowy altar of Dithmenos.
  7793 | D:9      | Noticed a deep elf pyromancer
  7807 | D:9      | Killed a deep elf pyromancer
  7808 | D:9      | Reached skill level 13 in Maces & Flails
  7928 | D:10     | Entered Level 10 of the Dungeon
  8029 | D:10     | Reached skill level 5 in Fighting
  8036 | D:10     | Reached skill level 5 in Shields
  8036 | D:10     | Reached XP level 11. HP: 50/55 MP: 12/12
  8043 | D:10     | Reached skill level 1 in Stealth
  8189 | D:10     | Noticed Psyche
  8200 | D:10     | Killed Psyche
  8408 | D:10     | Noticed a two-headed ogre
  8445 | D:10     | Killed a two-headed ogre
  8640 | D:10     | Found a sparkling altar of Nemelex Xobeh.
  8774 | D:10     | Learned a level 2 spell: Call Imp
  9336 | D:11     | Noticed a cyclops
  9340 | D:11     | Killed from afar by an electric eel

Illustrated notes

Levels and vault maps discovered:
D:1:      nzn_arrival_crosshair, layout_rooms, shapermc_ecumenical_altar_ellora
D:2:      layout_rooms, serial_shops, nicolae_shop_behind_doors, uniq_sigmund
D:3:      layout_loops_ring, hangedman_ru_absence, amcnicky_altar_gilded
D:4:      layout_layer_cave, mainiacjoe_overflow_catwalk, dk_noncrumbling_3
D:5:      layout_loops_ring, mainiacjoe_overflow_boulevard,
          nicolae_ossuary_entry_false_entrances, uniq_ijyb
D:6:      layout_basic, kennysheep_generic_room_6
D:7:      layout_loops_corners, minmay_temple_entry_glassed_door,
          nicolae_inconvenience_store
D:8:      layout_loops_ring, nicolae_hepliaklqana_hazy_memory,
          mainiacjoe_overflow_six_doors_small, lair_entry_dummy
D:9:      layout_rooms, nicolae_dithmenos_the_darkroom, billiards_dpeg
D:10:     layout_roguey, old_standard_altar, uniq_psyche
D:11:     layout_roguey, david_orc_5, serial_corexii_hall,
          chequers_hall_statues_wall_a, chequers_hall_statues_corner_a,
          minivault_4

Skill      XL: |  1  2  3  4  5  6  7  8  9 10 11 |
---------------+----------------------------------+-----
Fighting       | 3 5 |  5.8
Maces & Flails | 2 3 5 6 9 11 13 | 13.7
Armour         | 3 |  3.2
Shields        | 3 5 |  5.7
Dodging        | 1 2 |  2.1
Stealth        | 1 |  1.7

Action                     |  1- 3 |  4- 6 |  7- 9 | 10-12 || total
---------------------------+-------+-------+-------+-------++-------
  Melee: Flail             |    50 |   125 |   385 |   289 ||   849
         Bite              |    10 |    25 |   123 |    93 ||   251
  Throw: Dart              |       |       |       |    13 ||    13
         Throwing net      |       |       |       |     3 ||     3
    Use: Scroll            |       |       |    11 |    12 ||    23
         Potion            |       |       |       |     1 ||     1
   Stab: Distracted        |       |     1 |     4 |     2 ||     7
 Armour: Scale mail        |    30 |    75 |   200 |   124 ||   429
  Dodge: Dodged            |    19 |    37 |   115 |    57 ||   228
  Block: Buckler           |    19 |    70 |   182 |   116 ||   387
         Reflection        |     2 |     4 |     1 |     3 ||    10
